NWL (28 & UNDER)
BISMARK BORDER GUARDS @ LA CROSSE LOGGERS
05/17/2024
 
TOP OF THE 1ST
Bismark Border Guards batting - Pitching for La Crosse Loggers : RHP Joshua Dixon
Pitching: RHP Joshua Dixon
Batting: RHB Chris Parker 0-0: Called Strike
0-1: Ball
1-1: Fly out, F9 (Flyball, 89M)
Batting: LHB Norbert Mosley 0-0: Ball
1-0: Foul Ball, location: 2F
1-1: Ball
2-1: Ball
3-1: Base on Balls
Batting: RHB Mike Wright 0-0: Ball
1-0: Swinging Strike
1-1: Ball
Norbert Mosley is caught stealing 2nd base
2-1: Foul Ball, location: 2F
2-2: Foul Ball, location: 2F
2-2: DOUBLE (Flyball, 78D)
Batting: LHB Nelson Peña 0-0: Ground out 3-1 (Groundball, 3)
Top of the 1st over - 0 run(s), 1 hit(s), 0 error(s), 1 left on base; Bismark 0 - La Crosse 0
BOTTOM OF THE 1ST
La Crosse Loggers batting - Pitching for Bismark Border Guards : RHP Pete Taylor
Pitching: RHP Pete Taylor
Batting: RHB Jon Kenney 0-0: Called Strike
0-1: Ball
1-1: Swinging Strike
1-2: Strikes out swinging
Batting: LHB Oliver Beltrán 0-0: Ball
1-0: Ball
2-0: Swinging Strike
2-1: Called Strike
2-2: Strikes out swinging
Batting: RHB Vicente Vélez 0-0: Ball
1-0: Swinging Strike
1-1: Swinging Strike
1-2: SINGLE (Groundball, 5D)
Batting: LHB Ricardo Ruíz 0-0: Ball
1-0: Ball
2-0: Ball
3-0: Base on Balls
Vicente Vélez to second
Batting: RHB Fraser Stanton 0-0: Called Strike
0-1: Swinging Strike
0-2: SINGLE (Groundball, 4M)
Vicente Vélez to third
Ricardo Ruíz to second
Runner from 3rd tries for Home, SAFE, throw made home
Ricardo Ruíz to third
Fraser Stanton to second
Batting: LHB Enrique Tirado 0-0: Ball
1-0: Ball
2-0: Ball
3-0: Called Strike
3-1: Foul Ball, location: 2F
3-2: Base on Balls
Batting: RHB Jimmy Smith 0-0: Called Strike
0-1: Ground out 4-3 (Groundball, 4)
Bottom of the 1st over - 1 run(s), 2 hit(s), 0 error(s), 3 left on base; Bismark 0 - La Crosse 1
TOP OF THE 2ND
Bismark Border Guards batting - Pitching for La Crosse Loggers : RHP Joshua Dixon
Batting: RHB Jeremy Carr 0-0: Called Strike
0-1: Ball
1-1: Called Strike
1-2: Fly out, F5 (Popup, 5)
Batting: RHB Vincent Fields 0-0: Ball
1-0: Foul Ball, location: 2F
1-1: Called Strike
1-2: Strikes out swinging
Batting: LHB Rusty Herbert 0-0: Ball
1-0: Ball
2-0: Foul Ball, location: 2F
2-1: Called Strike
2-2: Ground out 6-3 (Groundball, 6)
Top of the 2nd over - 0 run(s), 0 hit(s), 0 error(s), 0 left on base; Bismark 0 - La Crosse 1
BOTTOM OF THE 2ND
La Crosse Loggers batting - Pitching for Bismark Border Guards : RHP Pete Taylor
Batting: RHB Sergio Sánchez 0-0: Called Strike
0-1: Foul Ball, location: 2F
0-2: Foul Ball, location: 2F
0-2: Hit by Pitch
Batting: RHB José Ríos 0-0: Fielders Choice at 2nd, 6-4 (Groundball, 6)
Batting: RHB Jon Kenney 0-0: Called Strike
Pickoff Throw to First - Out!
0-1: Called Strike
0-2: Strikes out looking
Bottom of the 2nd over - 0 run(s), 0 hit(s), 0 error(s), 0 left on base; Bismark 0 - La Crosse 1
TOP OF THE 3RD
Bismark Border Guards batting - Pitching for La Crosse Loggers : RHP Joshua Dixon
Batting: LHB Júlio Colón 0-0: Called Strike
0-1: Foul Ball, location: 2F
0-2: Ball
1-2: Foul Ball, location: 2F
1-2: Strikes out swinging
Batting: RHB Aaron Holt 0-0: Ground out 6-3 (Groundball, 6)
Batting: RHB Chris Parker 0-0: Ball
1-0: Ball
2-0: Called Strike
2-1: Ball
3-1: Base on Balls
Batting: LHB Norbert Mosley 0-0: Ball
Chris Parker is caught stealing 2nd base
Top of the 3rd over - 0 run(s), 0 hit(s), 0 error(s), 0 left on base; Bismark 0 - La Crosse 1
BOTTOM OF THE 3RD
La Crosse Loggers batting - Pitching for Bismark Border Guards : RHP Pete Taylor
Batting: LHB Oliver Beltrán 0-0: Ball
1-0: SOLO HOME RUN (Flyball, 8LXD), Distance : 405 ft
Batting: RHB Vicente Vélez 0-0: Called Strike
0-1: SINGLE (Groundball, 34)
Batting: LHB Ricardo Ruíz 0-0: Ball
1-0: Ball
2-0: Swinging Strike
2-1: Called Strike
2-2: Foul Ball, location: 2F
2-2: Strikes out swinging
Batting: RHB Fraser Stanton 0-0: Called Strike
0-1: Swinging Strike
0-2: Ball
1-2: Ball
2-2: Strikes out looking
Batting: LHB Enrique Tirado 0-0: Foul Ball, location: 2F
0-1: Swinging Strike
0-2: Ball
1-2: Strikes out swinging
Bottom of the 3rd over - 1 run(s), 2 hit(s), 0 error(s), 1 left on base; Bismark 0 - La Crosse 2
TOP OF THE 4TH
Bismark Border Guards batting - Pitching for La Crosse Loggers : RHP Joshua Dixon
Batting: LHB Norbert Mosley 0-0: DOUBLE (Line Drive, 9LM)
Batting: RHB Mike Wright 0-0: Ball
1-0: Ball
2-0: Ball
3-0: Base on Balls
Batting: LHB Nelson Peña 0-0: Ball
1-0: Ball
2-0: Ball
3-0: Foul Ball, location: 2F
3-1: Base on Balls
Norbert Mosley to third
Mike Wright to second
Batting: RHB Jeremy Carr 0-0: Ball
1-0: Ball
2-0: Ball
3-0: Base on Balls
Norbert Mosley scores
Mike Wright to third
Nelson Peña to second
Batting: RHB Vincent Fields 0-0: Called Strike
0-1: Swinging Strike
0-2: Foul Ball, location: 2F
0-2: Ball
1-2: Fly out, F7 (Flyball, 7M)
Runner from 3rd tags up, SCORES, throw made
Batting: LHB Rusty Herbert 0-0: Ball
1-0: Foul Ball, location: 2F
1-1: Called Strike
1-2: DOUBLE (Line Drive, 3)
Nelson Peña scores
Jeremy Carr to third
Batting: LHB Júlio Colón 0-0: Called Strike
0-1: Ball
1-1: Ball
2-1: Ground out U3 (Groundball, 3S)
Batting: RHB Aaron Holt 0-0: Called Strike
0-1: Ball
1-1: Foul Ball, location: 2F
1-2: Ball
2-2: Ball
3-2: Foul Ball, location: 2F
3-2: Foul Ball, location: 2F
3-2: Strikes out swinging
Top of the 4th over - 3 run(s), 2 hit(s), 0 error(s), 2 left on base; Bismark 3 - La Crosse 2
BOTTOM OF THE 4TH
La Crosse Loggers batting - Pitching for Bismark Border Guards : RHP Pete Taylor
Batting: RHB Jimmy Smith 0-0: Foul Ball, location: 2F
0-1: SINGLE (Line Drive, 7LS)
Batting: RHB Sergio Sánchez 0-0: Called Strike
Jimmy Smith steals 2nd base
0-1: Foul Ball, location: 2F
0-2: Strikes out looking
Batting: RHB José Ríos 0-0: Ball
1-0: Ball
2-0: Foul Ball, location: 2F
2-1: Ball
3-1: Base on Balls
Batting: RHB Jon Kenney 0-0: Ball
1-0: Ball
2-0: SINGLE (Groundball, 6D)
Jimmy Smith to third
José Ríos to second
Runner from 3rd tries for Home, SAFE, throw made home
José Ríos to third
Jon Kenney to second
Batting: LHB Oliver Beltrán 0-0: Called Strike
0-1: Ground out 4-3 (Groundball, 4)
José Ríos scores
Jon Kenney to third
Batting: RHB Vicente Vélez 0-0: Ball
1-0: Ball
2-0: Called Strike
2-1: Foul Ball, location: 2F
2-2: Foul Ball, location: 2F
2-2: Ball
3-2: Foul Ball, location: 2F
3-2: Foul Ball, location: 2F
3-2: Strikes out looking
Bottom of the 4th over - 2 run(s), 2 hit(s), 0 error(s), 1 left on base; Bismark 3 - La Crosse 4
TOP OF THE 5TH
Bismark Border Guards batting - Pitching for La Crosse Loggers : RHP Joshua Dixon
Batting: RHB Chris Parker 0-0: Ball
1-0: Foul Ball, location: 2F
1-1: Foul Ball, location: 2F
1-2: Ball
2-2: Ground out 4-3 (Groundball, 4M)
Batting: LHB Norbert Mosley 0-0: Called Strike
0-1: Ball
1-1: SINGLE (Groundball, 56)
Batting: RHB Mike Wright 0-0: Called Strike
0-1: Ball
Norbert Mosley steals 2nd base
1-1: Ball
2-1: Ball
3-1: Base on Balls
Batting: LHB Nelson Peña 0-0: Fly out, F7 (Popup, 8LS)
Batting: RHB Jeremy Carr 0-0: Foul Ball, location: 2F
0-1: Called Strike
0-2: Ball
1-2: Strikes out swinging
Top of the 5th over - 0 run(s), 1 hit(s), 0 error(s), 2 left on base; Bismark 3 - La Crosse 4
BOTTOM OF THE 5TH
La Crosse Loggers batting - Pitching for Bismark Border Guards : RHP Pete Taylor
Batting: LHB Ricardo Ruíz 0-0: Ball
1-0: Swinging Strike
1-1: Foul Ball, location: 2F
1-2: Foul Ball, location: 2F
1-2: Ball
2-2: Foul Ball, location: 2F
2-2: Ball
3-2: DOUBLE (Line Drive, 3L)
Batting: RHB Fraser Stanton 0-0: Ball
1-0: Ball
2-0: Called Strike
2-1: Foul Ball, location: 2F
2-2: Ball
3-2: Base on Balls
Batting: LHB Enrique Tirado 0-0: Ball
1-0: Ball
2-0: Called Strike
2-1: Swinging Strike
2-2: Strikes out looking
Pitching: RHP Júlio Quintana
Batting: RHB Jimmy Smith 0-0: Called Strike
0-1: Ball
1-1: Foul Ball, location: 2F
1-2: Foul Ball, location: 2F
1-2: Strikes out looking
Batting: RHB Sergio Sánchez 0-0: Ball
1-0: Called Strike
1-1: Foul Ball, location: 2F
1-2: Ball
2-2: Ball
3-2: Base on Balls
Ricardo Ruíz to third
Fraser Stanton to second
Batting: RHB José Ríos 0-0: Ball
1-0: Ball
2-0: Ball
3-0: Base on Balls
Ricardo Ruíz scores
Fraser Stanton to third
Sergio Sánchez to second
Batting: RHB Jon Kenney 0-0: Ball
1-0: Called Strike
1-1: Swinging Strike
1-2: Fly out, F9 (Flyball, 9M)
Bottom of the 5th over - 1 run(s), 1 hit(s), 0 error(s), 3 left on base; Bismark 3 - La Crosse 5
TOP OF THE 6TH
Bismark Border Guards batting - Pitching for La Crosse Loggers : RHP Joshua Dixon
Pitching: LHP Jorge Martínez
Batting: RHB Vincent Fields 0-0: Foul Ball, location: 2F
0-1: Ball
1-1: SINGLE (Groundball, 6MD)
Batting: LHB Rusty Herbert 0-0: Ball
Balk!
Vincent Fields to second
1-0: Ground out 4-3 (Groundball, 4)
Vincent Fields to third
Batting: LHB Júlio Colón 0-0: Ball
1-0: Ground out 6-3 (Groundball, 6M)
Vincent Fields scores
Batting: RHB Aaron Holt 0-0: SINGLE (Line Drive, 4)
Batting: RHB Chris Parker 0-0: Ball
Aaron Holt steals 2nd base
1-0: Ball
2-0: Ball
3-0: Base on Balls
Batting: LHB Norbert Mosley 0-0: Ball
1-0: Foul Ball, location: 2F
1-1: Swinging Strike
1-2: Ground out 4-3 (Groundball, 4)
Top of the 6th over - 1 run(s), 2 hit(s), 0 error(s), 2 left on base; Bismark 4 - La Crosse 5
BOTTOM OF THE 6TH
La Crosse Loggers batting - Pitching for Bismark Border Guards : RHP Júlio Quintana
Batting: LHB Oliver Beltrán 0-0: Called Strike
0-1: Ball
1-1: Swinging Strike
1-2: Ball
2-2: Strikes out swinging
Batting: RHB Vicente Vélez 0-0: Called Strike
0-1: Foul Ball, location: 2F
0-2: Foul Ball, location: 2F
0-2: Ball
1-2: Ball
2-2: Ball
3-2: Foul Ball, location: 2F
3-2: Base on Balls
Batting: LHB Ricardo Ruíz 0-0: Ball
1-0: Fielders Choice at 2nd, 1-6 (Groundball, 23)
Batting: RHB Fraser Stanton 0-0: Fly out, F7 (Flyball, 7M)
Bottom of the 6th over - 0 run(s), 0 hit(s), 0 error(s), 1 left on base; Bismark 4 - La Crosse 5
TOP OF THE 7TH
Bismark Border Guards batting - Pitching for La Crosse Loggers : LHP Jorge Martínez
Batting: RHB Mike Wright 0-0: Ball
1-0: Ball
2-0: Ball
3-0: Called Strike
3-1: Base on Balls
Pinch Hitting: RHB Enrico Rodríguez 0-0: SINGLE (Groundball, 4)
Mike Wright to second
Runner from 2nd tries for 3rd, SAFE, no throw or cutoff
Pinch Hitting: RHB José Cintrón 0-0: Ball
1-0: Foul Ball, location: 2F
1-1: Fly out, F8 (Line Drive, 8RXD)
Runner from 3rd tags up, SCORES, no throw
Batting: RHB Vincent Fields 0-0: Swinging Strike
0-1: 2-RUN HOME RUN (Flyball, 7LD), Distance : 346 ft
Pitching: RHP David Washington
Batting: LHB Rusty Herbert 0-0: Ball
1-0: Ball
2-0: TRIPLE (Flyball, 89M)
Batting: LHB Júlio Colón 0-0: Intentional Walk
Pinch Hitting: LHB Juan Viera 0-0: Ball
1-0: Called Strike
1-1: Ball
2-1: Swinging Strike
2-2: Foul Ball, location: 2F
2-2: Ball
3-2: Fly out, F6 (Popup, 56D)
Batting: RHB Chris Parker 0-0: Called Strike
0-1: Ball
1-1: Ball
2-1: Swinging Strike
2-2: Foul Ball, location: 2F
2-2: Ball
3-2: Reached on Error, E6 (Popup, 6D)
Rusty Herbert scores
Júlio Colón to second
Batting: LHB Norbert Mosley 0-0: Ball
1-0: Ground out 4-3 (Groundball, 34)
Top of the 7th over - 4 run(s), 3 hit(s), 1 error(s), 2 left on base; Bismark 8 - La Crosse 5
BOTTOM OF THE 7TH
La Crosse Loggers batting - Pitching for Bismark Border Guards : RHP Júlio Quintana
Now at 3B: Enrico Rodríguez
Now in LF: Enrique Mendoza
Now in RF: Juan Viera
Batting: LHB Enrique Tirado 0-0: Swinging Strike
0-1: Foul Ball, location: 2F
0-2: Foul Ball, location: 2F
0-2: Ball
1-2: Strikes out swinging
Pitching: RHP Beau Murphy
Batting: RHB Jimmy Smith 0-0: Ball
1-0: Swinging Strike
1-1: Ball
2-1: Ball
3-1: Ground out 5-3 (Groundball, 56S)
Batting: RHB Sergio Sánchez 0-0: Swinging Strike
0-1: SOLO HOME RUN (Flyball, 7D), Distance : 359 ft
Batting: RHB José Ríos 0-0: Ball
1-0: Ball
2-0: Ball
3-0: Base on Balls
Batting: RHB Jon Kenney 0-0: Ball
1-0: Ball
2-0: DOUBLE (Groundball, 5L)
José Ríos to third
Runner from 3rd tries for Home, throw and OUT!
Bottom of the 7th over - 1 run(s), 2 hit(s), 0 error(s), 1 left on base; Bismark 8 - La Crosse 6
TOP OF THE 8TH
Bismark Border Guards batting - Pitching for La Crosse Loggers : RHP David Washington
Batting: RHB Mike Wright 0-0: Ball
1-0: Ball
2-0: Foul Ball, location: 2F
2-1: Foul Ball, location: 2F
2-2: SINGLE (Groundball, 56D)
Batting: RHB Enrico Rodríguez 0-0: Ball
1-0: Ball
2-0: Foul Ball, location: 2F
2-1: Swinging Strike
2-2: Ball
3-2: Strikes out swinging
Batting: RHB Enrique Mendoza 0-0: Ball
1-0: Ball
2-0: Called Strike
2-1: Foul Ball, location: 2F
2-2: SINGLE (Line Drive, 4MD)
Mike Wright to second
Batting: RHB Vincent Fields 0-0: 3-RUN HOME RUN (Line Drive, 8LXD), Distance : 410 ft
Pitching: RHP Jim Miller
Batting: LHB Rusty Herbert 0-0: Ball
1-0: Ball
2-0: Ball
3-0: Base on Balls
Batting: LHB Júlio Colón 0-0: Called Strike
0-1: Called Strike
0-2: Foul Ball, location: 2F
0-2: Foul Ball, location: 2F
0-2: Strikes out swinging
Batting: LHB Juan Viera 0-0: Called Strike
Rusty Herbert is caught stealing 2nd base
Top of the 8th over - 3 run(s), 3 hit(s), 0 error(s), 0 left on base; Bismark 11 - La Crosse 6
BOTTOM OF THE 8TH
La Crosse Loggers batting - Pitching for Bismark Border Guards : RHP Beau Murphy
Now at C: Alejandro Ramos
Batting: LHB Oliver Beltrán 0-0: Swinging Strike
0-1: SINGLE (Groundball, 34D)
Batting: RHB Vicente Vélez 0-0: Called Strike
0-1: Foul Ball, location: 2F
0-2: Strikes out looking
Batting: LHB Ricardo Ruíz 0-0: Called Strike
0-1: Ball
1-1: Grounds into double play, U4-3 (Groundball, 4)
Bottom of the 8th over - 0 run(s), 1 hit(s), 0 error(s), 0 left on base; Bismark 11 - La Crosse 6
TOP OF THE 9TH
Bismark Border Guards batting - Pitching for La Crosse Loggers : RHP Jim Miller
Batting: LHB Juan Viera 0-0: Fly out, F9 (Flyball, 9M)
Batting: RHB Chris Parker 0-0: Ball
1-0: Ball
2-0: Called Strike
2-1: Ball
3-1: Called Strike
3-2: SOLO HOME RUN (Flyball, 9LD), Distance : 329 ft
Batting: LHB Norbert Mosley 0-0: Ball
1-0: Ball
2-0: Foul Ball, location: 2F
2-1: Ball
3-1: Swinging Strike
3-2: Strikes out swinging
Batting: RHB Mike Wright 0-0: Ball
1-0: Called Strike
1-1: Fly out, F8 (Flyball, 8LXD)
Top of the 9th over - 1 run(s), 1 hit(s), 0 error(s), 0 left on base; Bismark 12 - La Crosse 6
BOTTOM OF THE 9TH
La Crosse Loggers batting - Pitching for Bismark Border Guards : RHP Beau Murphy
Batting: RHB Fraser Stanton 0-0: Called Strike
0-1: Ball
1-1: SINGLE (Groundball, 5D)
Batting: LHB Enrique Tirado 0-0: Ground out 5-3 (Groundball, 5S)
Fraser Stanton to second
Batting: RHB Jimmy Smith 0-0: Ground out 4-3 (Groundball, 4)
Fraser Stanton to third
Batting: RHB Sergio Sánchez 0-0: Ball
1-0: Ball
2-0: Swinging Strike
2-1: Ball
3-1: Base on Balls
Batting: RHB José Ríos 0-0: Called Strike
0-1: Foul Ball, location: 2F
0-2: Ball
1-2: Ball
2-2: Strikes out swinging
Bottom of the 9th over - 0 run(s), 1 hit(s), 0 error(s), 2 left on base; Bismark 12 - La Crosse 6
This league is powered by Out of the Park Baseball, the baseball management simulation game for PC, Mac and Linux
Saturday, April 9th, 2016 - OOTP Baseball 16.8 Build 38